 Dungeon Crawl Stone Soup version 0.21-a0-91-ga5031da (webtiles) character file.

4 MackTheKnife the Magician (level 1, 9/15 HPs)
             Began as a Human Wanderer on June 29, 2017.
             Got out of the dungeon alive.
             The game lasted 00:00:23 (132 turns).

MackTheKnife the Magician (Human Wanderer)           Turns: 132, Time: 00:00:23

Health: 9/15       AC:  5    Str: 12    XL:     1   Next: 66%
Magic:  5/5        EV:  7    Int: 12    God:
Gold:   16         SH:  7    Dex: 12    Spells: 8/8 levels left

rFire    . . .     SeeInvis .   d - +0 club
rCold    . . .     Gourm    .   a - +0 shield
rNeg     + . .     Faith    .   b - +0 ring mail
rPois    .         Spirit   .   (no helmet)
rElec    .         Reflect  .   (no cloak)
rCorr    .         Harm     .   (no gloves)
MR       .....                  (no boots)
Stlth    +.........             (no amulet)
HPRegen  0.05/turn              e - ring of positive energy {rN+}
MPRegen  0.09/turn              (no ring)

@: no status effects
A: no striking features
a: no special abilities


You escaped.
You were not hungry.

You visited 1 branch of the dungeon, and saw 1 of its levels.

You collected 16 gold pieces.

Inventory:

Hand Weapons
 d - a +0 club (weapon)
Armour
 a - a +0 shield (worn)
 b - a +0 ring mail (worn)
Jewellery
 e - a ring of positive energy (left hand) {rN+}
   (You found it on level 1 of the Dungeon)
Potions
 c - a potion of curing
Comestibles
 f - a bread ration {@e1}


   Skills:
 + Level 1.3 Fighting
   Level 1.0 Axes
 - Level 1.0 Armour
 - Level 1.2 Shields
 - Level 4.0 Spellcasting
   Level 1.0 Fire Magic
   Level 1.0 Evocations


You had 8 spell levels left.
You didn't know any spells.

Dungeon Overview and Level Annotations

Branches:
Dungeon (1/15)

Altars:


Message History

Welcome, MackTheKnife the Human Wanderer.
It is said that the Orb of Zot exists deep within this dungeon.
Found a staircase leading out of the dungeon.
You open the door.
There is an open door here.
You see here 17 arrows.
A frilled lizard comes into view.
The frilled lizard hisses angrily.
A frilled lizard is nearby!
A frilled lizard is nearby!
Wield which item (- for none, * to show all)? (? for menu, Esc to quit)
Okay, then.
The frilled lizard hisses.
The frilled lizard barely misses you.
You miss the frilled lizard. The frilled lizard barely misses you.
You hit the frilled lizard but do no damage.
The frilled lizard barely misses you.
You closely miss the frilled lizard.
The frilled lizard bites you but does no damage. x2
You closely miss the frilled lizard. The frilled lizard closely misses you.
You closely miss the frilled lizard.
The frilled lizard bites you but does no damage.
The frilled lizard completely misses you.
You hit the frilled lizard.
You kill the frilled lizard!
No target in view!
A frilled lizard comes into view.
The frilled lizard hisses angrily.
A frilled lizard is nearby!
You block the frilled lizard's attack.
You see here an agate ring.
You closely miss the frilled lizard. The frilled lizard bites you.
You take 1 damage, and have 14/15 hp.
You hit the frilled lizard.
You kill the frilled lizard!
No target in view!
No target in view!
e - an agate ring You now have 16 gold pieces.
Found a stone staircase leading down.
Health restored: 15 Put on which piece of jewellery? (? for menu, Esc to quit)
e - a ring of positive energy (left hand)
A hobgoblin comes into view.
The hobgoblin shouts!
A goblin comes into view.
The goblin shouts!
You block the hobgoblin's attack.
Your shield prevents you from hitting the hobgoblin.
The hobgoblin hits you. The hobgoblin completely misses you.
You take 4 damage, and have 11/15 hp.
MASSIVE DAMAGE!!
You hit the goblin.
You kill the goblin!
You barely miss the hobgoblin.
The hobgoblin hits you but does no damage.
You hit the hobgoblin but do no damage. The hobgoblin barely misses you.
The hobgoblin hits you.
You take 2 damage, and have 9/15 hp.
You are too injured to fight recklessly!
You are too injured to fight recklessly!
You barely miss the hobgoblin. The hobgoblin hits you.
You take 1 damage, and have 8/15 hp.
You hit the hobgoblin but do no damage.
The hobgoblin hits you but does no damage.
You hit the hobgoblin. The hobgoblin hits you.
The hobgoblin hits you but does no damage.
You take 1 damage, and have 7/15 hp.
You barely miss the hobgoblin.
The hobgoblin hits you but does no damage.
You barely miss the hobgoblin. The hobgoblin barely misses you.
The hobgoblin hits you but does no damage.
Okay, then.
Quiver which item? (- for none, * to show all) (? for menu, Esc to quit)
Okay, then.
Unknown command.
You hit the hobgoblin.
You kill the hobgoblin!
You see here a goblin corpse.
You see here a goblin corpse.
There is an open door here.
There is a staircase leading out of the dungeon here.
Are you sure you want to leave the Dungeon?
This will make you lose the game!
You have escaped!

..# #..# (##
##.#
.########.##
...........#
.#########.#
## #.#######
# #.#.....#
#.#.....#
#.'..8.@#
###.....#
#.....#
#######


There were no monsters in sight!

Vanquished Creatures
  A goblin (D:1)
  A hobgoblin (D:1)
  2 frilled lizards (D:1)
4 creatures vanquished.

Notes
Turn   | Place    | Note
-------+----------+-------------------------------------------
     0 | D:1      | MackTheKnife the Human Wanderer began the quest for the Orb.
     0 | D:1      | MackTheKnife set off with: a +0 shield, a +0 ring mail, a potion of curing, a +0 club, a bread ration {@e1}
     0 | D:1      | Reached XP level 1. HP: 15/15 MP: 5/5
   132 | D:$      | Got out of the dungeon alive.

Vault maps used:
D:1:      minmay_arrival_solitary_statue, serial_forest,
          infiniplex_forest_lined_2, infiniplex_forest_straight_4,
          infiniplex_forest_zigzag_1, infiniplex_forest_lined_room_2,
          infiniplex_forest_straight_4, infiniplex_forest_clump_medium,
          infiniplex_forest_clump_diagonal, infiniplex_forest_3_way

Action                   || total
-------------------------++-------
Melee: Club              ||    18
Armor: Ring mail         ||     8
Dodge: Dodged            ||     8
Block: Shield            ||     2

Vault maps used:
D:1:      minmay_arrival_solitary_statue, serial_forest,
          infiniplex_forest_lined_2, infiniplex_forest_straight_4,
          infiniplex_forest_zigzag_1, infiniplex_forest_lined_room_2,
          infiniplex_forest_straight_4, infiniplex_forest_clump_medium,
          infiniplex_forest_clump_diagonal, infiniplex_forest_3_way

Table legend:
 A = Turns spent in this place as a percentage of turns spent in the entire game.
 B = Non-inter-level travel turns spent in this place as a percentage of non-inter-level travel turns spent in the entire game.
 C = Inter-level travel turns spent in this place as a percentage of turns spent in this place.
 D = Turns resting spent in this place as a percentage of non-inter-level travel turns spent in this place.
 E = Turns spent auto-exploring this place as a percentage of non-inter-level travel turns spent in this place.
 F = Non-inter-level travel turns spent in this place divided by the number of levels of this place that you've seen.
                   A       B       C       D       E      F
               +-------+-------+-------+-------+-------+----------------------
         Total | 100.0 | 100.0 |   1.9 |   0.0 |   7.5 |  53.0
       Dungeon | 100.0 | 100.0 |   1.9 |   0.0 |   7.5 |  53.0
               +-------+-------+-------+-------+-------+----------------------

Table legend:
 A = Kills in this place as a percentage of kills in entire the game.
 B = Kills by you in this place as a percentage of kills by you in the entire game.
 C = Kills by friends in this place as a percentage of kills by friends in the entire game.
 D = Other kills in this place as a percentage of other kills in the entire game.
 E = Experience gained in this place as a percentage of experience gained in the entire game.
 F = Experience gained in this place divided by the number of levels of this place that you have seen.
                   A       B       C       D       E      F
               +-------+-------+-------+-------+-------+----------------------
         Total | 100.0 | 100.0 |  -nan |  -nan | 100.0 |   6.0
       Dungeon | 100.0 | 100.0 |  -nan |  -nan | 100.0 |   6.0
               +-------+-------+-------+-------+-------+----------------------
